 Dungeon Crawl Stone Soup version 0.27.0-1-g7a08968 (webtiles) character file.

Game seed: 7957093599605782642

1028 MercyWheel the Chopper (level 8, -2/68 HPs)
             Began as a Minotaur Fighter on July 31, 2021.
             Killed by divine providence
             ... invoked by an orc priest
              (14 damage)
             ... on level 5 of the Dungeon.
             The game lasted 00:10:46 (4935 turns).

MercyWheel the Chopper (Minotaur Fighter)           Turns: 4935, Time: 00:10:46

Health: -2/68      AC: 12    Str: 21    XL:     8   Next: 3%
Magic:  7/7        EV:  9    Int:  5    God:
Gold:   181        SH: 10    Dex: 12    Spells: 7/7 levels left

rFire    . . .     SeeInvis .   a - +0 war axe
rCold    . . .     Faith    .   c - +0 kite shield
rNeg     . . .     Spirit   .   i - +0 scale mail
rPois    .         Reflect  .   (helmet restricted)
rElec    .         Harm     .   f - +2 cloak
rCorr    +         Rampage  .   (no gloves)
Will     .....                  u - +0 pair of boots
Stlth    ..........             (no amulet)
HPRegen  0.21/turn              m - ring of resist corrosion
MPRegen  0.10/turn              (no ring)

@: mighty
A: horns 2, retaliatory headbutt
a: no special abilities


You were on level 5 of the Dungeon.
You visited 1 branch of the dungeon, and saw 5 of its levels.

You collected 181 gold pieces.

Inventory:

Hand Weapons
 a - a +0 war axe (weapon)
 b - a +0 hunting sling
Missiles
 j - 185 stones (quivered)
 q - 42 poisoned darts
 v - 20 sling bullets
Armour
 c - a +0 kite shield (worn)
 f - a +2 cloak (worn)
 i - a +0 scale mail (worn)
 u - a +0 pair of boots (worn)
Jewellery
 m - a ring of resist corrosion (left hand)
Scrolls
 e - 2 scrolls of fear {unknown}
 g - 2 scrolls of identify {unknown}
 k - a scroll of immolation {unknown}
 l - 2 scrolls of torment {unknown}
 o - 2 scrolls of teleportation {unknown}
 p - a scroll of magic mapping {unknown}
 r - a scroll of enchant armour {unknown}
Potions
 h - 2 potions of curing {unknown}
 n - a potion of haste
 s - a potion of resistance {unknown}
 t - a potion of mutation {unknown}
 w - a potion of invisibility {unknown}
 x - a potion of attraction {unknown}


   Skills:
 - Level 5.0 Fighting
 * Level 7.6 Axes
 - Level 6.0 Armour
 - Level 4.0 Dodging
 - Level 5.2 Shields


You had 7 spell levels left.
You didn't know any spells.
Your spell library contained the following spells:

 Spells                   Type           Power      Damage    Failure   Level
 Beastly Appendage        Tmut           0%         N/A       99%         1
 Pain                     Necr           0%         1d4       99%         1
 Sandblast                Erth           0%         2d4       99%         1
 Shock                    Conj/Air       0%         1d3       99%         1
 Passwall                 Tmut/Erth      0%         N/A       100%        2
 Gell's Gravitas          Tloc           0%         N/A       100%        3
 Lesser Beckoning         Tloc           0%         N/A       100%        3
 Teleport Other           Tloc           0%         N/A       100%        3
 Lee's Rapid Deconstruct  Erth           0%         3d5*      100%        5


Dungeon Overview and Level Annotations

Branches:
Dungeon (5/15)
 Temple: D:4-7

Altars:
Elyvilon
Makhleb
Okawaru
Trog
Zin

Annotations:
D:1 exclusion: 2 downstairs
D:3 exclusion: downstairs
D:4 Prince Ribbit
D:5 exclusion: upstairs


Innate Abilities, Weirdness & Mutations

You have a pair of horns on your head.
You reflexively headbutt those who attack you in melee.


Message History

The orc priest hits you with a +0 hand axe.
The orc priest hits you but does no damage.
Unknown command.
You completely miss the orc priest. You hit the orc priest.
You block the orc priest's attack.
The orc priest looks encouraged for a moment.
You slash the orc priest! You headbutt the orc priest.
You kill the orc priest!
You slash the orc!
You kill the orc!
You closely miss the orc priest.
The orc priest casts a cantrip, but nothing happens.
The hound bites you. You block the orc priest's attack.
You have reached level 8!
You feel stronger.
You hit the orc priest.
The orc priest is severely wounded.
You hit the hound. The hound closely misses you. You furiously retaliate!
You headbutt the hound! The hound bites you but does no damage.
The orc priest calls down the wrath of Beogh upon you.
Pain shoots through your body!
Unknown command.
You barely miss the orc priest.
The orc priest is severely wounded.
You closely miss the hound. You slash the orc priest!
The hound closely misses you.
The orc priest mumbles some strange prayers to Beogh against you.
Pain shoots through your body!
* * * LOW HITPOINT WARNING * * *
The hound bites you but does no damage. You block the orc priest's attack.
The orc priest hits you but does no damage.
You hit the orc priest but do no damage.
The orc priest is severely wounded.
You barely miss the hound. You slash the orc priest!
You kill the orc priest!
You block the hound's attack. You block the orc priest's attack.
The hound bites you but does no damage.
The orc priest invokes the aid of Beogh against you.
Beogh smites you!
You die...

...<.......# #.##.#####.###....
#..........# #.##.........'....
#..........# #.##.#####.###...<
.........[# #.#### #........
..........# #.# #####.#..
......o...# #.##### #.#..
..........# #.#...# #ยง#..
..........# #.#.#.#### #.#..
......[...######@#......# #.###
.............))ho)......# #.#..
......(......)).........# #.#.#
................>..#+#### #.#.#
.........######'#.#.# #.#..
..########........#.########.###
.. ######......................
#.............#.#######..[..
#.............#.......).....


You could see a hound and an orc priest.

Vanquished Creatures
  Grinder (D:4)
  Edmund (D:4)
  A scorpion (D:5)
  A centaur zombie (D:5)
  5 orc priests
  4 hounds
  A bullfrog skeleton (D:5)
  Crazy Yiuf (D:2)
  2 iguanas
  An orc wizard (D:4)
  Natasha (thrice) (D:2)
  A hound skeleton (D:4)
  Robin (D:2)
  A gnoll (D:3)
  6 adders
  An ufetubus (D:4)
  2 worms
  A dart slug (D:3)
  16 orcs
  7 endoplasms
  2 giant cockroaches
  9 goblins
  9 hobgoblins
  2 jackals (D:2)
  4 kobolds
  2 quokkas
  A ball python (D:1)
  3 bats
  3 frilled lizards
  7 rats
99 creatures vanquished.

Vanquished Creatures (others)
  3 plants (D:3)
3 creatures vanquished.

Grand Total: 102 creatures vanquished

Notes
Turn   | Place    | Note
-------+----------+-------------------------------------------
     0 | D:1      | MercyWheel the Minotaur Fighter began the quest for the
                  | Orb.
     0 | D:1      | Reached XP level 1. HP: 19/19 MP: 0/0
   203 | D:1      | Got Wizardry for Novices
   262 | D:1      | Reached skill level 3 in Axes
   364 | D:1      | Reached XP level 2. HP: 21/26 MP: 1/1
   822 | D:2      | Noticed Robin
   845 | D:2      | Reached skill level 4 in Axes
   908 | D:2      | Reached XP level 3. HP: 31/31 MP: 2/2
  1175 | D:2      | Noticed Natasha
  1352 | D:2      | Killed Natasha
  1353 | D:2      | Reached skill level 5 in Axes
  1353 | D:2      | Reached XP level 4. HP: 34/39 MP: 3/3
  1416 | D:2      | Noticed Natasha
  1428 | D:2      | Killed Natasha
  1790 | D:2      | Killed Robin
  1791 | D:2      | Reached skill level 6 in Axes
  1844 | D:2      | Found a runed translucent door.
  1845 | D:2      | Noticed Crazy Yiuf
  1852 | D:2      | Killed Crazy Yiuf
  1853 | D:2      | Reached XP level 5. HP: 41/46 MP: 4/4
  1898 | D:2      | Noticed Natasha
  1911 | D:2      | Killed Natasha
  2410 | D:3      | Found a white marble altar of Elyvilon.
  2460 | D:3      | Found an iron altar of Okawaru.
  2461 | D:3      | Found a bloodstained altar of Trog.
  2467 | D:3      | Reached skill level 5 in Fighting
  2771 | D:4      | Reached XP level 6. HP: 52/56 MP: 5/5
  2829 | D:4      | Noticed Edmund
  3016 | D:4      | Reached skill level 5 in Shields
  3047 | D:4      | Killed Edmund
  3048 | D:4      | Reached skill level 1 in Dodging
  3440 | D:3      | Reached XP level 7. HP: 61/61 MP: 6/6
  3654 | D:4      | Reached skill level 5 in Armour
  3760 | D:4      | Noticed Grinder
  3788 | D:4      | Killed Grinder
  4020 | D:4      | Found a burning altar of Makhleb.
  4024 | D:4      | Noticed a balrug
  4027 | D:4      | Found a glowing silver altar of Zin.
  4027 | D:4      | Noticed an angel
  4074 | D:5      | Entered Level 5 of the Dungeon
  4332 | D:5      | Reached skill level 7 in Axes
  4441 | D:5      | Noticed Prince Ribbit
  4933 | D:5      | Reached XP level 8. HP: 32/68 MP: 7/7
  4935 | D:5      | Killed from afar by an orc priest

Illustrated notes

Levels and vault maps discovered:
D:1:      amcnicky_arrival_feature_with_door, layout_basic,
          hangedman_decor_growths, amcnicky_mini_pool_small,
          hangedman_glass_teeth
D:2:      layout_rooms, chequers_serial_rivers_small_a, grunt_ministairs_9,
          kennysheep_pointless_box, uniq_natasha, uniq_crazy_yiuf_cottage,
          uniq_robin
D:3:      layout_basic, grunt_temple_overflow_bloody_war,
          nicolae_elyvilon_temple_path
D:4:      layout_loops_ring, grunt_temple_overflow_order_and_chaos_2,
          patterned_corridor, uniq_grinder, uniq_edmund
D:5:      layout_basic, minmay_temple_entry_poolview, uniq_prince_ribbit1

Skill      XL: |  1  2  3  4  5  6  7 |
---------------+----------------------+-----
Axes           | 3 4 5 6 7 |  7.6
Fighting       | 4 5 |  5.0
Shields        | 4 5 |  5.2
Armour         | 4 6 |  6.0
Dodging        | 2 4 |  4.0

Action                   |  1- 3 |  4- 6 |  7- 9 || total
-------------------------+-------+-------+-------++-------
Melee: War axe           |    69 |   143 |    75 ||   287
       Headbutt          |    10 |    23 |    13 ||    46
 Fire: Hunting sling     |     8 |     4 |     1 ||    13
  Use: Potion            |       |       |     1 ||     1
Armor: Scale mail        |    32 |    81 |    34 ||   147
Dodge: Dodged            |    21 |    43 |    17 ||    81
Block: Kite shield       |    41 |    63 |    37 ||   141
